AoeStats
← Arakli61

Arabia

504585311Analyzed
1v1 RM · 28d ago on Sep 5, 2026· 133m 18s· 2 players
Game mode
Random Map
Map size
Tiny (2 player)
Population
200
Speed
Normal
Resources
Standard
Victory
Conquest
Starting age
Dark Age
Ending age
Imperial Age
RankedLock teamsTeams togetherTeam positionsShared explorationLock speedFull tech treeHidden civsTurbo modeCheats
Victory
Defeat
🇹🇷 Ethiopians · Türkiye
1004
+16
🇨🇴 Berbers · Colombia
1009
-16
Arakli61
7:06 Loom
9:34 Feudal Age
10:40 Double-Bit Axe
10:39 Horse Collar
11:24 Gold Mining
15:44 Wheelbarrow
22:02 Castle Age
20:30 Padded Archer Armor
20:20 Fletching
23:14 Bow Saw
23:26 Heavy Plow
22:50 Crossbowman
24:20 Leather Archer Armor
24:00 Bodkin Arrow
24:03 Stone Mining
26:41 Ballistics
26:58 Thumb Ring
29:12 Hand Cart
36:26 Forging
36:17 Scale Mail Armor
36:51 Squires
40:11 Imperial Age
38:48 Town Watch
41:18 Iron Casting
40:59 Chain Mail Armor
40:26 Arbalester
41:49 Ring Archer Armor
41:20 Bracer
41:58 Iron Casting
41:43 Chain Mail Armor
42:26 Town Patrol
46:49 Blast Furnace
46:19 Plate Mail Armor
46:52 Chemistry
50:47 Conscription
53:44 Gold Shaft Mining
55:21 Two-Man Saw
64:09 Capped Ram
65:37 Siege Ram
82:49 Torsion Engines
85:29 Heavy Cavalry Archer
88:12 Arson
101:11 Elite Skirmisher
104:35 Husbandry
104:45 Scale Barding Armor
104:21 Light Cavalry
109:47 Chain Barding Armor
123:04 Spies/Treason
andres_sag7
1:09 Loom
11:19 Feudal Age
11:53 Double-Bit Axe
15:13 Horse Collar
18:12 Gold Mining
18:59 Wheelbarrow
22:05 Castle Age
20:46 Scale Barding Armor
21:32 Forging
22:26 Bloodlines
22:48 Heavy Plow
22:59 Bow Saw
23:34 Gold Shaft Mining
28:31 Stone Mining
30:20 Chain Barding Armor
31:36 Iron Casting
31:16 Husbandry
33:24 Stone Shaft Mining
35:04 Hand Cart
35:07 Town Watch
35:44 Fletching
35:55 Padded Archer Armor
36:44 Town Patrol
37:21 Light Cavalry
38:00 Bodkin Arrow
42:26 Imperial Age
40:33 Leather Archer Armor
40:56 Ballistics
40:48 Fortified Wall
40:20 Treadmill Crane
42:13 Masonry
44:25 Chemistry
43:58 Conscription
44:50 Bracer
45:20 Ring Archer Armor
45:51 Plate Barding Armor
46:17 Blast Furnace
45:34 Thumb Ring
44:52 Elite Skirmisher
45:20 Hussar
47:29 Masonry
47:10 Guard Tower
47:06 Arrowslits
47:16 Murder Holes
49:06 Crop Rotation
49:10 Arrowslits
58:24 Onager
60:47 Heavy Scorpion
63:54 Capped Ram
Connection lost

Rejoining the realm…

Still unreachable

The connection could not be restored.

Session expired

The server has moved on; the page needs a fresh start.